 Dungeon Crawl Stone Soup version 0.28.0-47-ge53b351184 (webtiles) character file.

Game seed: 11071390519447141557

12924 Iusername the Protected (level 11, 0/99 HPs)
             Began as a Minotaur Fighter on May 5, 2022.
             Was a Believer of the Shining One.
             Slain by Snorg (23 damage)
             ... on level 12 of the Dungeon.
             The game lasted 00:44:25 (16035 turns).

Iusername the Protected (Minotaur Fighter)         Turns: 16035, Time: 00:44:26

Health: 0/99       AC: 25    Str: 22    XL:     11   Next: 68%
Magic:  14/14      EV:  8    Int:  5    God:    the Shining One [**....]
Gold:   717        SH:  9    Dex: 13    Spells: 10/10 levels left

rFire   + + .      SeeInvis .   A - +3 spear (venom)
rCold   . . .      Faith    .   t - +3 buckler of Vexation {*Slow rF++}
rNeg    + + .      Spirit   .   r - +4 plate armour
rPois   .          Reflect  .   (helmet restricted)
rElec   .          Harm     .   m - +2 cloak
rCorr   +          Rampage  .   n - +1 pair of gloves
Will    .....                   (no boots)
Stlth   ..........              s - amulet of regeneration
HPRegen 1.06/turn               g - ring of positive energy
MPRegen 0.14/turn               y - ring of resist corrosion

@: glowing
A: horns 2, retaliatory headbutt
a: Renounce Religion, Divine Shield


You were on level 12 of the Dungeon.
You worshipped the Shining One.
The Shining One was pleased with you.
You visited 2 branches of the dungeon, and saw 14 of its levels.

You collected 717 gold pieces.

Inventory:

Hand Weapons
 a - a +0 long sword
 q - a +3 dire flail of protection
 A - a +3 spear of venom (weapon)
Armour
 b - a +0 scale mail
 m - a +2 cloak (worn)
 n - a +1 pair of gloves (worn)
 r - a +4 plate armour (worn)
 t - the +3 buckler of Vexation (worn) {*Slow rF++}
   (You found it on level 6 of the Dungeon)

   rF:        It greatly protects you from fire.
   *Slow:     It may slow you when you take damage.
Jewellery
 g - a ring of positive energy (left hand)
 s - an amulet of regeneration (around neck)
 y - a ring of resist corrosion (right hand)
 z - a ring of poison resistance
 E - a ring of flight
 F - a ring of fire
Wands
 w - a wand of charming (1) (quivered)
 x - a wand of paralysis (5)
 G - a wand of iceblast (5)
Scrolls
 f - a scroll of immolation
 h - 3 scrolls of torment
 k - 4 scrolls of teleportation
 o - 2 scrolls of fog
 v - 2 scrolls of identify
 B - a scroll of blinking
 C - 2 scrolls of amnesia
 D - a scroll of magic mapping
Potions
 c - 3 potions of curing
 d - 2 potions of haste
 i - a potion of degeneration {unknown}
 j - a potion of brilliance
 l - a potion of flight
 u - a potion of attraction


   Skills:
 + Level 9.8 Fighting
 + Level 10.7 Long Blades
 - Level 7.3 Maces & Flails
 + Level 11.2 Armour
 - Level 4.9 Dodging
 - Level 1.7 Stealth
 + Level 9.2 Shields
 + Level 5.6 Invocations
 - Level 0.6 Evocations


You had 10 spell levels left.
You didn't know any spells.
Your spell library contained the following spells:

 Spells                   Type           Power      Damage    Failure   Level
 Animate Skeleton         Necr           0%         N/A       100%        1
 Pain                     Necr           0%         1d4       100%        1
 Sandblast                Erth           0%         2d4       100%        1
 Summon Small Mammal      Summ           0%         N/A       100%        1
 Ensorcelled Hibernation  Hex/Ice        0%         N/A       100%        2
 Passwall                 Tmut/Erth      0%         N/A       100%        2
 Call Canine Familiar     Summ           0%         N/A       100%        3
 Spider Form              Tmut/Pois      0%         N/A       100%        3
 Stone Arrow              Conj/Erth      0%         3d7       100%        3
 Summon Guardian Golem    Hex/Summ       0%         N/A       100%        3
 Tukima's Dance           Hex            0%         N/A       100%        3
 Vampiric Draining        Necr           0%         2d6       100%        3
 Anguish                  Hex/Necr       0%         N/A       100%        4
 Enfeeble                 Hex            0%         N/A       100%        7
 Orb of Destruction       Conj           0%         9d5       100%        7
 Spellforged Servitor     Conj/Summ      0%         N/A       100%        7


Dungeon Overview and Level Annotations

Branches:
Dungeon (13/15)            Temple (1/1) D:7            Lair (0/6) D:10
    Orc (0/2) D:10
 Vaults: D:13-14

Altars:
Gozag
Hepliaklqana
Kikubaaqudgha
Okawaru
Qazlal
Ru
Sif Muna
Trog
Yredelemnul
The Shining One

Shops:
D:4 *   D:8 =

Annotations:
D:12 Fannar, Snorg


Innate Abilities, Weirdness & Mutations

You have a pair of horns on your head.
You reflexively headbutt those who attack you in melee.


Message History

Snorg is severely wounded.
You block Snorg's attack. Snorg claws you but does no damage.
You block Snorg's attack. Snorg barely misses you. You furiously retaliate!
You headbutt Snorg. You block Snorg's attack.
Snorg claws you but does no damage.
You hit Snorg.
Snorg looks as sick as possible!
Snorg is severely wounded.
Snorg barely misses you. Snorg claws you! You block Snorg's attack.
You completely miss Snorg.
Snorg is severely wounded.
You block Snorg's attack. Snorg completely misses you.
Snorg claws you but does no damage. Snorg bites you!
* * * LOW HITPOINT WARNING * * *
You block Snorg's attack. Snorg barely misses you.
You hit Snorg. You headbutt Snorg.
Snorg is severely wounded.
You block Snorg's attack. Snorg claws you.
* * * LOW HITPOINT WARNING * * *
Snorg completely misses you. Snorg bites you but does no damage.
Snorg barely misses you. Snorg claws you but does no damage.
You puncture Snorg! You headbutt Snorg, but do no damage.
Snorg is severely wounded.
Snorg completely misses you. Snorg claws you but does no damage.
Snorg closely misses you.
You barely miss Snorg. Your headbutt misses Snorg.
Snorg is severely wounded.
Snorg closely misses you. Snorg claws you but does no damage.
You block Snorg's attack. Snorg bites you.
* * * LOW HITPOINT WARNING * * *
Snorg barely misses you. Snorg claws you.
* * * LOW HITPOINT WARNING * * *
You feel better. Snorg bites you!
* * * LOW HITPOINT WARNING * * *
You block Snorg's attack. Snorg claws you.
* * * LOW HITPOINT WARNING * * *
The orc hits you but does no damage.
You puncture Snorg!
Snorg looks as sick as possible!
You headbutt Snorg!
Snorg is almost dead.
Snorg bites you!!
You die...

#......# # #......#
### #######......#
#..
#............####..
#....>.........)'..
#.......#.....(.#..
#.......#.......#..
#..o....#.......#..
#T@.....###..).....
#.).....###...)....
#..................
###########........
..............##
..............#
..............#
..........######
....≈≈.≈..# #


You could see Snorg (berserk, extremely poisoned) and an orc.

Vanquished Creatures
  2 boulder beetles
  Erica (D:9)
  2 two-headed ogres
  Nergalle (D:10)
  Pikel (D:4)
  Joseph (D:7)
  A gargoyle (D:11)
  An unseen horror (D:12)
  Psyche (D:9)
  A komodo dragon (D:12)
  A hornet (D:9)
  2 trolls
  3 slime creatures (D:12)
  A shadow (D:6)
  2 wyverns (D:9)
  A steam dragon (D:10)
  5 wraiths
  Eustachio (D:4)
  A basilisk (D:11)
  Grum (D:10)
  Menkaure (D:4)
  Edmund (D:4)
  2 water moccasins
  Duvessa (D:4)
  3 orc warriors
  2 black bears
  2 sky beasts
  8 centaurs
  4 wolves (D:10)
  2 kobold brigands
  Blork the orc (D:6)
  4 bullfrogs
  7 scorpions
  A wyvern zombie (D:8)
  A wyvern skeleton (D:7)
  Dowan (D:4)
  3 killer bees (D:9)
  7 wights
  A jelly (D:6)
  4 centaur zombies
  4 orc priests
  A gnoll shaman (D:7)
  A hound (D:4)
  5 iguanas
  Ijyb (D:5)
  9 orc wizards
  Natasha (twice) (D:2)
  A killer bee zombie (D:7)
  A howler monkey zombie (D:5)
  9 gnolls
  10 adders
  A white imp (D:7)
  2 worms
  A dart slug (D:4)
  23 orcs
  4 ball pythons
  3 endoplasms
  8 hobgoblins
  4 jackals (D:3)
  3 quokkas
  3 bats
  4 frilled lizards
  5 goblins
  A jackal zombie (D:6)
  10 kobolds
  5 rats
  A rat zombie (D:8)
208 creatures vanquished.

Vanquished Creatures (others)
  A centaur (D:8)
  A centaur zombie (D:9)
  An orc priest (D:10)
  An orc (D:10)
4 creatures vanquished.

Grand Total: 212 creatures vanquished

Notes
Turn   | Place    | Note
-------+----------+-------------------------------------------
     0 | D:1      | Iusername the Minotaur Fighter began the quest for the Orb.
     0 | D:1      | Reached XP level 1. HP: 19/19 MP: 0/0
   181 | D:1      | Reached XP level 2. HP: 27/27 MP: 1/1
   235 | D:1      | Noticed a great orb of eyes
   237 | D:1      | Found a faded altar of an unknown god.
   238 | D:1      | Noticed an eye of devastation
   238 | D:1      | Noticed a golden eye
   238 | D:1      | Noticed an eye of devastation
   316 | D:1      | Reached skill level 4 in Armour
   401 | D:1      | You fall into a shaft and drop 1 floor!
   587 | D:2      | Reached XP level 3. HP: 32/34 MP: 2/2
   663 | D:2      | Noticed Natasha
   675 | D:2      | Killed Natasha
  1002 | D:2      | Noticed Natasha
  1008 | D:2      | Killed Natasha
  1009 | D:2      | Reached XP level 4. HP: 36/41 MP: 3/3
  1721 | D:3      | Reached skill level 1 in Dodging
  1721 | D:3      | Reached XP level 5. HP: 36/41 MP: 4/4
  1736 | D:3      | Reached skill level 5 in Armour
  2432 | D:4      | Noticed a black bear
  2436 | D:4      | Noticed Pikel
  2440 | D:4      | Killed a black bear
  2440 | D:4      | Noticed a lemure
  2441 | D:4      | Reached skill level 5 in Long Blades
  2441 | D:4      | Reached XP level 6. HP: 44/55 MP: 5/5
  2450 | D:4      | HP: 2/55 [Pikel/+1 whip of electrocution (10)]
  2452 | D:4      | Killed Pikel
  2453 | D:4      | Reached skill level 5 in Fighting
  2453 | D:4      | Reached skill level 6 in Armour
  2453 | D:4      | Reached skill level 5 in Shields
  2453 | D:4      | Reached XP level 7. HP: 2/61 MP: 6/6
  2981 | D:4      | HP: 3/61 [gnoll/+0 halberd (9)]
  2992 | D:4      | Noticed Duvessa
  3679 | D:4      | Noticed Dowan
  3694 | D:4      | Killed Duvessa
  3707 | D:4      | Killed Dowan
  3708 | D:4      | Reached XP level 8. HP: 7/69 MP: 7/7
  4321 | D:4      | Noticed Menkaure
  4326 | D:4      | Killed Menkaure
  4327 | D:4      | Reached skill level 7 in Armour
  4478 | D:4      | Found Gozag's Platinum Reserve.
  4478 | D:4      | Found an opulent altar of Gozag.
  4516 | D:4      | Noticed Eustachio
  4598 | D:4      | Killed Eustachio
  4814 | D:4      | Noticed Edmund
  4829 | D:4      | Killed Edmund
  5198 | D:5      | Entered Level 5 of the Dungeon
  5348 | D:5      | Noticed Ijyb
  5352 | D:5      | Paralysed by Ijyb for 3 turns
  5359 | D:5      | Killed Ijyb
  5430 | D:5      | Reached skill level 1 in Maces & Flails
  5440 | D:5      | Reached skill level 8 in Armour
  5596 | D:5      | Reached skill level 1 in Stealth
  5640 | D:5      | Found a shimmering blue altar of Sif Muna.
  6325 | D:6      | Reached XP level 9. HP: 71/75 MP: 8/8
  6341 | D:6      | Noticed Blork the orc
  6349 | D:6      | Killed Blork the orc
  6538 | D:6      | Identified the +3 buckler of Vexation {*Slow rF++}
  6663 | D:6      | Found a sand-covered staircase.
  7153 | D:7      | Reached skill level 5 in Maces & Flails
  8289 | D:7      | Noticed Joseph
  8308 | D:7      | Killed Joseph
  8672 | D:7      | Found a staircase to the Ecumenical Temple.
  8681 | Temple   | Entered the Ecumenical Temple
  8690 | Temple   | Became a worshipper of the Shining One
  9085 | D:8      | Found Qitziatu's Jewellery Emporium.
  9169 | D:7      | Found a sacrificial altar of Ru.
  9551 | D:8      | Reached skill level 9 in Armour
  9966 | D:8      | Reached skill level 1 in Invocations
  9978 | D:8      | Reached XP level 10. HP: 40/86 MP: 8/10
 10384 | D:9      | Noticed Erica
 10522 | D:9      | Noticed Psyche
 10537 | D:9      | Killed Psyche
 10538 | D:9      | Killed Erica
 10805 | D:8      | Noticed a two-headed ogre
 10815 | D:8      | Killed a two-headed ogre
 11025 | D:8      | Reached * piety under the Shining One
 11038 | D:8      | Reached skill level 10 in Armour
 11452 | D:8      | Found an ancient bone altar of Kikubaaqudgha.
 12061 | D:10     | Entered Level 10 of the Dungeon
 12061 | D:10     | Found a staircase to the Orcish Mines.
 12290 | D:10     | Noticed Grum
 12316 | D:10     | Killed Grum
 12323 | D:10     | Reached XP level 11. HP: 30/95 MP: 13/13
 12681 | D:10     | Found a staircase to the Lair.
 12735 | D:10     | Noticed Nergalle
 12761 | D:10     | Killed Nergalle
 13149 | D:11     | Found an iron altar of Okawaru.
 13613 | D:11     | Reached skill level 10 in Long Blades
 13859 | D:11     | Noticed a boulder beetle
 13871 | D:11     | Killed a boulder beetle
 14924 | D:12     | Noticed a two-headed ogre
 14930 | D:12     | Killed a two-headed ogre
 14931 | D:12     | Reached skill level 5 in Invocations
 15096 | D:12     | Noticed a boulder beetle
 15110 | D:12     | Killed a boulder beetle
 15113 | D:12     | Reached ** piety under the Shining One
 15133 | D:12     | Reached skill level 11 in Armour
 15607 | D:12     | Noticed Snorg
 15609 | D:12     | Noticed Fannar
 16035 | D:12     | Slain by Snorg

Illustrated notes

Levels and vault maps discovered:
D:1:      roderic_dead_forest, layout_basic,
          hellmonk_ecumenical_altar_watching_god, minmay_octomino_j4
D:2:      layout_basic, grunt_decor_cap, uniq_natasha
D:3:      layout_rooms
D:4:      layout_rooms, nicolae_gozag_zags_fifth_avenue, uniq_edmund,
          uniq_eustachio, uniq_pikel, uniq_menkaure, uniq_duvessa
D:5:      layout_basic, overflow_temple_1_default, st_stairs_7,
          grunt_decor_fettered, solitary_fountain, hangedman_decor_peaks_small,
          uniq_ijyb
D:6:      layout_cave_pods, enter_ossuary_3, corexii_leaking_fountain,
          uniq_blork_the_orc
D:7:      layout_rooms, nicolae_ru_the_path_less_chosen,
          minmay_temple_entry_grid, chequers_serial_rivers_micro_b,
          hex_intersection, uniq_joseph
D:8:      layout_gridville, lemuel_zombie_altar_kikubaaqudgha, serial_shops,
          shop, centaur_isle
D:9:      layout_cave_pools, uniq_psyche, uniq_erica
D:10:     nicolae_cairo_tiling, layout_cave_pools, uniq_grum, uniq_nergalle
D:11:     layout_loops_ring, okawaru_gym_becter
D:12:     layout_basic, minmay_crystal_water, uniq_fannar, uniq_snorg
D:13:     layout_long_grid, doesnt_xom_only_xom
Temple:   mainiacjoe_temple_coin_purse

Skill      XL: |  1  2  3  4  5  6  7  8  9 10 11 |
---------------+----------------------------------+-----
Fighting       | 4 5 6 7 8 9 |  9.8
Armour         | 4 5 6 8 9 10 11 | 11.2
Long Blades    | 3 5 6 8 9 10 | 10.7
Shields        | 4 5 6 8 9 |  9.2
Dodging        | 1 2 3 4 |  4.9
Maces & Flails | 2 7 |  7.3
Stealth        | 1 |  1.7
Invocations    | 1 4 5 |  5.6
Evocations     | |  0.6

Action                   |  1- 3 |  4- 6 |  7- 9 | 10-12 || total
-------------------------+-------+-------+-------+-------++-------
Melee: Long sword        |    75 |    86 |   100 |       ||   261
       Headbutt          |     8 |    15 |    60 |   132 ||   215
       Dire flail        |       |       |   190 |       ||   190
       Spear             |       |       |    31 |   364 ||   395
Evoke: Wand              |       |       |    14 |     8 ||    22
  Use: Potion            |       |     1 |     1 |    12 ||    14
       Scroll            |       |       |    12 |    15 ||    27
 Stab: Paralysed         |       |       |     2 |       ||     2
Armor: Scale mail        |    29 |    68 |   213 |       ||   310
       Chain mail        |       |       |    45 |    78 ||   123
       Plate armour      |       |       |       |   267 ||   267
Dodge: Dodged            |    22 |    45 |   249 |   203 ||   519
Block: Buckler           |    19 |    24 |    60 |   242 ||   345
